 Dungeon Crawl Stone Soup version 0.27-a0-1456-gf5a116941d (webtiles) character file.

Game seed: 15555611728219826256

56 avis the Insei (level 3, 0/23 HPs)
             Began as an Octopode Transmuter on July 5, 2021.
             Succumbed to an adder's poison
             ... on level 2 of the Dungeon.
             The game lasted 00:15:14 (2670 turns).

avis the Insei (Octopode Transmuter)                Turns: 2670, Time: 00:15:14

Health: 0/23       AC:  2    Str:  7 (10) XL:     3   Next: 97%
Magic:  4/6        EV: 19    Int: 14 (15) God:
Gold:   67         SH:  0    Dex: 15 (17) Spells: 2/6 levels left

rFire    . . .     SeeInvis +     - Unarmed
rCold    . . .     Faith    .   (shield currently unavailable)
rNeg     . . .     Spirit   .   (helmet currently unavailable)
rPois    x         Reflect  .   (no amulet)
rElec    .         Harm     .   i - ring of see invisible
rCorr    .         Rampage  .   (no ring)
Will     .....                  (no ring)
Stlth    ++........             (no ring)
HPRegen  0.07/turn              (no ring)
MPRegen  0.10/turn              (no ring)
                                (no ring)
                                (no ring)

@: lethally poisoned (0 -> -3), spider-form (expiring)
A: venomous fangs, almost no armour, (amphibious), 8 rings, tiny, (camouflage
1), (gelatinous body 1), (nimble swimmer 1), (tentacles)
a: End Transformation


You were on level 2 of the Dungeon.
You were a venomous arachnid creature.
You visited 1 branch of the dungeon, and saw 3 of its levels.

You collected 67 gold pieces.

Inventory:

Hand Weapons
 d - a +1 dagger of freezing (melded)
Missiles
 e - 45 sling bullets
 k - 19 stones
 l - 20 bolts
Armour
 n - a +2 buckler
Jewellery
 i - a ring of see invisible (left front leg)
Scrolls
 a - a scroll of teleportation {unknown}
 c - a scroll of holy word {unknown}
 f - 3 scrolls of identify {unknown}
 h - a scroll of enchant armour {unknown}
Potions
 g - a potion of flight {unknown}
 j - a potion of lignification {unknown}
 m - a potion of ambrosia {unknown}


   Skills:
 - Level 1.0 Fighting
 - Level 2.0 Dodging
 - Level 1.0 Stealth
 * Level 4.6 Unarmed Combat
 - Level 2.0 Spellcasting
 - Level 2.0 Transmutations


You had 2 spell levels left.
You knew the following spells:

 Your Spells              Type           Power      Damage    Failure   Level
a - Beastly Appendage     Tmut           14%        N/A       26%         1
p - Spider Form           Tmut/Pois      2%         N/A       65%         3

Your spell library contained the following spells:

 Spells                   Type           Power      Damage    Failure   Level
 Sting                    Tmut/Pois      16%        1d3       34%         1
 Wereblood                Tmut           7%         N/A       34%         2
 Poisonous Vapours        Pois/Air       2%         N/A       56%         2
 Ice Form                 Ice/Tmut       4%         N/A       94%         4
 Olgreb's Toxic Radiance  Pois           1%         N/A       98%         4


Dungeon Overview and Level Annotations

Branches:
Dungeon (3/15)

Altars:
Elyvilon


Innate Abilities, Weirdness & Mutations

You are a venomous arachnid creature.
You have poisonous fangs.
You are tiny and dextrous.
Your spellcasting is less reliable in this form.
Your armour is entirely melded.
You are incapable of wielding weapons or throwing items.
You cannot wear most types of armour.
((You are amphibious.))
You can wear up to eight rings at the same time.
((Your skin changes colour to match your surroundings (Stealth+).))
((Your rubbery body absorbs attacks. (AC +1, EV +1)))
((You are camouflaged near water. (Stealth+)))
((You have tentacles for arms and can constrict up to eight enemies at once.))


Message History

Found a scroll labelled SYSTRE DOASIC.
The kobold throws a stone.
The stone misses you.
Your transformation is almost over.
The kobold throws a stone.
The stone hits you but does no damage.
The kobold throws a stone.
The stone misses you.
There is a stone staircase leading up here.
Casting: Beastly Appendage (safe; 10% risk of failure)
Confirm with . or Enter, or press ? or * to list all spells.
The spell is potentially lethal to cast (41% risk of failure)!
Continue anyway?
Your tentacle spike disappears.
You turn into a venomous arachnid creature.
Your +1 dagger of freezing melds into your body.
Your +1 dagger of freezing stops glowing.
Your transformation is almost over.
You hit the adder.
The adder is poisoned.
The adder is lightly wounded.
The adder bites you.
You are poisoned.
The adder poisons you! The adder closely misses you.
You closely miss the adder.
The adder is lightly wounded.
You feel very sick.
A goblin comes into view. It is wielding a +0 club.
The adder bites you.
You feel very sick. The adder bites you.
You climb upwards.
* * * LOW HITPOINT WARNING * * *
You feel very sick.
There is a stone staircase leading down here.
* * * LOW HITPOINT WARNING * * *
You feel sick.
* * * LOW HITPOINT WARNING * * *
You feel sick. The adder barely misses you.
* * * LOW HITPOINT WARNING * * *
You feel sick.
It was a potion of degeneration.
There was something very wrong with that liquid.
You feel weakened.
You feel dopey.
You feel clumsy.
You die...

#. #. ## #########
#.....>.# #.#####.#
#.#####S####
#.##..s....############
#.##.##.##.............
#.......##..#####..####
#.......##..[.........#
#.....#.###.#####..##.#
##.....#.# #........##.#
#..._..#.##########.....
#)........# #######.#...
#......#..#
#.......รท...


You could see an adder (poisoned).

Vanquished Creatures
  An adder (D:2)
  5 ball pythons
  6 endoplasms
  2 giant cockroaches (D:1)
  5 goblins
  5 hobgoblins
  2 quokkas
  4 bats
  3 frilled lizards
  6 kobolds
  5 rats (D:1)
44 creatures vanquished.

Notes
Turn   | Place    | Note
-------+----------+-------------------------------------------
     0 | D:1      | avis the Octopode Transmuter began the quest for the Orb.
     0 | D:1      | Reached XP level 1. HP: 13/13 MP: 3/3
    72 | D:1      | Reached skill level 1 in Stealth
   185 | D:1      | You fall into a shaft and drop 1 floor!
   281 | D:2      | Reached XP level 2. HP: 18/18 MP: 3/5
   962 | D:1      | Reached skill level 4 in Unarmed Combat
   962 | D:1      | Reached XP level 3. HP: 20/23 MP: 4/6
  1001 | D:1      | Learned a level 3 spell: Spider Form
  1353 | D:1      | Found a faded altar of an unknown god.
  1917 | D:2      | HP: 1/23 [frozen (4)]
  2355 | D:2      | Found a white marble altar of Elyvilon.
  2669 | D:2      | HP: 1/23 [poisoned by an adder]
  2670 | D:2      | Succumbed to an adder's poison

Illustrated notes

Levels and vault maps discovered:
D:1:      scummos_arrival_gate, layout_basic,
          dilly_ecumenical_altar_fadedgnrine, hex_large
D:2:      layout_loops_cross, basic_altar, kennysheep_generic_room_5
D:3:      layout_basic, nemelex_altar_shiori

Skill      XL: |  1  2 |
---------------+-------+-----
Stealth        | 1 |  1.0
Unarmed Combat | 4 |  4.6
Fighting       | |  1.0
Dodging        | |  2.0
Spellcasting   | |  2.0
Transmutations | |  2.0

Action                   || total
-------------------------++-------
Melee: Unarmed           ||    20
       Kick              ||     9
       Constrict         ||    17
       Tentacles         ||    10
       Dagger            ||    60
 Cast: Beastly Appendage ||    31
       Spider Form       ||     2
  Use: Potion            ||     1
 Stab: Sleeping          ||     7
Armor: Skin              ||     5
Dodge: Dodged            ||    42

Table legend: (Time is in decaauts)
 A = Elapsed time spent in this place.
 B = Non-inter-level travel time spent in this place.
 C = Inter-level travel time spent in this place.
 D = Time resting spent in this place.
 E = Time spent auto-exploring this place.
 F = Levels seen in this place.
 G = Mean time per level.
                   A        B        C        D        E       F      G
               +--------+--------+--------+--------+--------+-----+--------+
         Total |   2671 |   2537 |    134 |    628 |   1394 |   3 |  890.3 |
       Dungeon |   2671 |   2537 |    134 |    628 |   1394 |   3 |  890.3 |
               +--------+--------+--------+--------+--------+-----+--------+

Top non-repeatable levels by time:
     D:1: 1546 daAuts
     D:2: 1102 daAuts
     D:3: 22 daAuts
